TOP OF THE 1ST |
Paris Cubs batting - Pitching for New Jersey Devils : LHP Chris Fox
|
Pitching: LHP Chris Fox
|
|
Batting: RHB Willie Rubio
|
0-0: Ground out 6-3 (Groundball, 6S, EV 84.4 MPH)
|
Batting: RHB Michihisa Tanaka
|
0-0: DOUBLE (Flyball, 8LXD, EV 108.1 MPH)
|
Batting: LHB Jeremy Rideout
|
0-0: Called Strike 0-1: Ball 1-1: Swinging Strike 1-2: Strikes out looking
|
Batting: LHB David Mendez
|
0-0: Ball Wild Pitch! Michihisa Tanaka to third 1-0: Ball 2-0: Called Strike 2-1: Ground out 6-3 (Groundball, 6S, EV 63.8 MPH)
|
Top of the 1st over - 0 runs, 1 hit, 0 errors, 1 left on base; Paris 0 - New Jersey 0 |
BOTTOM OF THE 1ST |
New Jersey Devils batting - Pitching for Paris Cubs : RHP Chris P. Shephard
|
Pitching: RHP Chris P. Shephard
|
|
Batting: RHB Oscar Ramirez
|
0-0: Swinging Strike 0-1: Swinging Strike 0-2: Ball 1-2: Ball 2-2: Ball 3-2: SINGLE (Groundball, 34D, EV 104.4 MPH)
|
Batting: SHB Ernesto Mazas
|
0-0: Ball 1-0: Ball 2-0: Ball 3-0: Called Strike 3-1: Called Strike 3-2: Base on Balls Oscar Ramirez to second
|
Batting: RHB Sergio Andrada
|
0-0: Ball 1-0: Fly out, F7 (Line Drive, 7S, EV 93.1 MPH)
|
Batting: SHB Danny Tapia Jr.
|
0-0: 3-RUN HOME RUN (Flyball, 9D, EV 96.2 MPH), Distance : 370 ft
|
Batting: LHB John Stokes
|
0-0: Ball 1-0: Called Strike 1-1: Swinging Strike 1-2: Hit by Pitch
|
Batting: SHB Devin Lambert
|
0-0: Called Strike 0-1: Ball 1-1: Foul Ball, location: 2F 1-2: Strikes out swinging
|
Batting: LHB Matt Reynolds
|
0-0: Ball 1-0: Ground out 4-3 (Groundball, 4, EV 105.6 MPH)
|
Bottom of the 1st over - 3 runs, 2 hits, 0 errors, 1 left on base; Paris 0 - New Jersey 3 |
TOP OF THE 2ND |
Paris Cubs batting - Pitching for New Jersey Devils : LHP Chris Fox
|
Batting: RHB Jesus Resendez
|
0-0: Called Strike 0-1: Called Strike 0-2: Ball 1-2: Foul Ball, location: 2F 1-2: Strikes out swinging
|
Batting: LHB Cameron Marinelli
|
0-0: Ball 1-0: Ball 2-0: Called Strike 2-1: Ball 3-1: Foul Ball, location: 2F 3-2: Foul Ball, location: 2F 3-2: Foul Ball, location: 2F 3-2: Fly out, F6 (Popup, 4M, EV 74.4 MPH)
|
Batting: RHB Jason Banks
|
0-0: Called Strike 0-1: Called Strike 0-2: Ball 1-2: Strikes out swinging
|
Top of the 2nd over - 0 runs, 0 hits, 0 errors, 0 left on base; Paris 0 - New Jersey 3 |
BOTTOM OF THE 2ND |
New Jersey Devils batting - Pitching for Paris Cubs : RHP Chris P. Shephard
|
Batting: RHB Ted Hickey
|
0-0: Ball 1-0: Foul Ball, location: 2F 1-1: Foul Ball, location: 2F 1-2: Ball 2-2: Strikes out swinging
|
Batting: LHB Jason Miller
|
0-0: Called Strike 0-1: Swinging Strike 0-2: Strikes out swinging
|
Batting: RHB Oscar Ramirez
|
0-0: Called Strike 0-1: Foul Ball, location: 2F 0-2: Foul Ball, location: 2F 0-2: Ball 1-2: Ball 2-2: Strikes out swinging
|
Bottom of the 2nd over - 0 runs, 0 hits, 0 errors, 0 left on base; Paris 0 - New Jersey 3 |
TOP OF THE 3RD |
Paris Cubs batting - Pitching for New Jersey Devils : LHP Chris Fox
|
Batting: LHB Don Crockett
|
0-0: Ball 1-0: Swinging Strike 1-1: Foul Ball, location: 2F 1-2: Strikes out looking
|
Batting: RHB Mike Prado
|
0-0: Ball 1-0: Ground out 4-3 (Groundball, 4, EV 78.1 MPH)
|
Batting: RHB Willie Rubio
|
0-0: Called Strike 0-1: DOUBLE (Flyball, 78D, EV 106.9 MPH)
|
Batting: RHB Michihisa Tanaka
|
0-0: Ball 1-0: Foul Ball, location: 2F 1-1: Ball 2-1: Foul Ball, location: 2F 2-2: Strikes out swinging
|
Top of the 3rd over - 0 runs, 1 hit, 0 errors, 1 left on base; Paris 0 - New Jersey 3 |
BOTTOM OF THE 3RD |
New Jersey Devils batting - Pitching for Paris Cubs : RHP Chris P. Shephard
|
Batting: SHB Ernesto Mazas
|
0-0: Foul Ball, location: 2F 0-1: Called Strike 0-2: Strikes out looking
|
Batting: RHB Sergio Andrada
|
0-0: Ball 1-0: SOLO HOME RUN (Flyball, 7D, EV 98.8 MPH), Distance : 367 ft
|
Batting: SHB Danny Tapia Jr.
|
0-0: Fly out, F7 (Flyball, 78XD, EV 101.2 MPH)
|
Batting: LHB John Stokes
|
0-0: Ball 1-0: Hit by Pitch
|
Batting: SHB Devin Lambert
|
0-0: Ground out 1-3 (Groundball, 13, EV 67.5 MPH)
|
Bottom of the 3rd over - 1 run, 1 hit, 0 errors, 1 left on base; Paris 0 - New Jersey 4 |
TOP OF THE 4TH |
Paris Cubs batting - Pitching for New Jersey Devils : LHP Chris Fox
|
Batting: LHB Jeremy Rideout
|
0-0: Called Strike 0-1: Ball 1-1: Foul Ball, location: 2F 1-2: Ball 2-2: Ball 3-2: Ground out 1-3 (Groundball, 13S, EV 70.0 MPH)
|
Batting: LHB David Mendez
|
0-0: Ball 1-0: Ball 2-0: Ball 3-0: Base on Balls
|
Batting: RHB Jesus Resendez
|
0-0: Called Strike 0-1: Ball 1-1: Ball 2-1: Fly out, F7 (Line Drive, 7, EV 91.2 MPH)
|
Batting: LHB Cameron Marinelli
|
0-0: Foul Ball, location: 2F 0-1: Ball Passed Ball! David Mendez to second 1-1: SINGLE (Line Drive, 89S, EV 100.6 MPH) David Mendez to third Runner from 3rd tries for Home, SAFE, throw by RF to home Cameron Marinelli to second
|
Batting: RHB Jason Banks
|
0-0: Foul Ball, location: 2F 0-1: Ground out 6-3 (Groundball, 6, EV 78.1 MPH)
|
Top of the 4th over - 1 run, 1 hit, 0 errors, 1 left on base; Paris 1 - New Jersey 4 |
BOTTOM OF THE 4TH |
New Jersey Devils batting - Pitching for Paris Cubs : RHP Chris P. Shephard
|
Batting: LHB Matt Reynolds
|
0-0: Swinging Strike 0-1: Hit by Pitch
|
Batting: RHB Ted Hickey
|
0-0: Called Strike 0-1: Fielders Choice at 2nd, 6-4 (Groundball, 6, EV 87.5 MPH)
|
Batting: LHB Jason Miller
|
0-0: Called Strike Ted Hickey steals 2nd base 0-1: Ball 1-1: Ball 2-1: Swinging Strike 2-2: Fly out, F9 (Flyball, 89S, EV 80.0 MPH)
|
Batting: RHB Oscar Ramirez
|
0-0: Fly out, F9 (Flyball, 9, EV 82.5 MPH)
|
Bottom of the 4th over - 0 runs, 0 hits, 0 errors, 1 left on base; Paris 1 - New Jersey 4 |
TOP OF THE 5TH |
Paris Cubs batting - Pitching for New Jersey Devils : LHP Chris Fox
|
Batting: LHB Don Crockett
|
0-0: Called Strike 0-1: Called Strike 0-2: Ball 1-2: Ball 2-2: Strikes out swinging
|
Batting: RHB Mike Prado
|
0-0: Called Strike 0-1: Swinging Strike 0-2: Ball 1-2: Strikes out swinging
|
Batting: RHB Willie Rubio
|
0-0: Ground out 4-3 (Groundball, 4, EV 82.5 MPH)
|
Top of the 5th over - 0 runs, 0 hits, 0 errors, 0 left on base; Paris 1 - New Jersey 4 |
BOTTOM OF THE 5TH |
New Jersey Devils batting - Pitching for Paris Cubs : RHP Chris P. Shephard
|
Batting: SHB Ernesto Mazas
|
0-0: Called Strike 0-1: Called Strike 0-2: Ball 1-2: Strikes out looking
|
Batting: RHB Sergio Andrada
|
0-0: Ball 1-0: Foul Ball, location: 2F 1-1: Called Strike 1-2: Foul Ball, location: 2F 1-2: Ball 2-2: Ground out U3 (Groundball, 3, EV 101.2 MPH)
|
Batting: SHB Danny Tapia Jr.
|
0-0: Ball 1-0: Called Strike 1-1: Swinging Strike 1-2: Strikes out looking
|
Bottom of the 5th over - 0 runs, 0 hits, 0 errors, 0 left on base; Paris 1 - New Jersey 4 |
TOP OF THE 6TH |
Paris Cubs batting - Pitching for New Jersey Devils : LHP Chris Fox
|
Batting: RHB Michihisa Tanaka
|
0-0: Called Strike 0-1: Swinging Strike 0-2: Ball 1-2: Strikes out swinging, 2-3 out at first.
|
Batting: LHB Jeremy Rideout
|
0-0: Called Strike 0-1: Ground out 4-3 (Groundball, 4, EV 85.6 MPH)
|
Batting: LHB David Mendez
|
0-0: Swinging Strike 0-1: Foul Ball, location: 2F 0-2: Fly out, F8 (Flyball, 78XD, EV 96.2 MPH)
|
Top of the 6th over - 0 runs, 0 hits, 0 errors, 0 left on base; Paris 1 - New Jersey 4 |
BOTTOM OF THE 6TH |
New Jersey Devils batting - Pitching for Paris Cubs : RHP Chris P. Shephard
|
Batting: LHB John Stokes
|
0-0: Called Strike 0-1: Ball 1-1: Foul Ball, location: 2F 1-2: Ball 2-2: Strikes out swinging
|
Batting: SHB Devin Lambert
|
0-0: Called Strike 0-1: Ball 1-1: Called Strike 1-2: Strikes out swinging
|
Batting: LHB Matt Reynolds
|
0-0: Called Strike 0-1: Fly out, F9 (Flyball, 9D, EV 103.1 MPH)
|
Bottom of the 6th over - 0 runs, 0 hits, 0 errors, 0 left on base; Paris 1 - New Jersey 4 |
TOP OF THE 7TH |
Paris Cubs batting - Pitching for New Jersey Devils : LHP Chris Fox
|
Batting: RHB Jesus Resendez
|
0-0: Foul Ball, location: 2F 0-1: Called Strike 0-2: Ball 1-2: Strikes out swinging
|
Batting: LHB Cameron Marinelli
|
0-0: Ball 1-0: Ball 2-0: Foul Ball, location: 2F 2-1: SINGLE (Groundball, 5S, EV 71.9 MPH) (infield hit)
|
Batting: RHB Jason Banks
|
0-0: Called Strike 0-1: Ball 1-1: Fly out, F7 (Line Drive, 78S, EV 100.0 MPH)
|
Batting: LHB Don Crockett
|
0-0: Swinging Strike 0-1: Ball 1-1: Swinging Strike 1-2: Ball 2-2: Strikes out swinging
|
Top of the 7th over - 0 runs, 1 hit, 0 errors, 1 left on base; Paris 1 - New Jersey 4 |
BOTTOM OF THE 7TH |
New Jersey Devils batting - Pitching for Paris Cubs : RHP Chris P. Shephard
|
Pitching: RHP Francisco Landin
|
|
Batting: RHB Ted Hickey
|
0-0: Called Strike 0-1: Called Strike 0-2: Foul Ball, location: 2F 0-2: Ball 1-2: Strikes out swinging
|
Batting: LHB Jason Miller
|
0-0: Foul Ball, location: 2F 0-1: Called Strike 0-2: Strikes out swinging
|
Batting: RHB Oscar Ramirez
|
0-0: Foul Ball, location: 2F 0-1: Ball 1-1: Swinging Strike 1-2: Ball 2-2: Ball 3-2: Strikes out swinging, 2-3 out at first.
|
Bottom of the 7th over - 0 runs, 0 hits, 0 errors, 0 left on base; Paris 1 - New Jersey 4 |
TOP OF THE 8TH |
Paris Cubs batting - Pitching for New Jersey Devils : LHP Chris Fox
|
Batting: RHB Mike Prado
|
0-0: Ball 1-0: Called Strike 1-1: Foul Ball, location: 2F 1-2: Strikes out looking
|
Batting: RHB Willie Rubio
|
0-0: Foul Ball, location: 2F 0-1: Fly out, F8 (Line Drive, 8LD, EV 87.5 MPH)
|
Pinch Hitting: RHB Cormackle Poohdatoot
|
0-0: Ground out 5-3 (Groundball, 56, EV 106.9 MPH)
|
Top of the 8th over - 0 runs, 0 hits, 0 errors, 0 left on base; Paris 1 - New Jersey 4 |
BOTTOM OF THE 8TH |
New Jersey Devils batting - Pitching for Paris Cubs : RHP Francisco Landin
|
Now at 3B: Jorge Robles
|
|
Batting: SHB Ernesto Mazas
|
0-0: Ball 1-0: Called Strike 1-1: Foul Ball, location: 2F 1-2: Ball 2-2: Foul Ball, location: 2F 2-2: Foul Ball, location: 2F 2-2: Foul Ball, location: 2F 2-2: Strikes out swinging, 2-3 out at first.
|
Batting: RHB Sergio Andrada
|
0-0: Ball 1-0: SINGLE (Line Drive, 9LS, EV 101.2 MPH)
|
Batting: SHB Danny Tapia Jr.
|
0-0: Foul Ball, location: 2F 0-1: SINGLE (Line Drive, 78S, EV 100.0 MPH) Sergio Andrada to second
|
Batting: LHB John Stokes
|
0-0: Foul Ball, location: 2F 0-1: Ball 1-1: Ball 2-1: Ball 3-1: Base on Balls Sergio Andrada to third Danny Tapia Jr. to second
|
Batting: SHB Devin Lambert
|
0-0: Ball 1-0: Grounds into fielders choice 3-2 (Groundball, 3, EV 88.1 MPH) Danny Tapia Jr. to third John Stokes to second
|
Batting: LHB Matt Reynolds
|
0-0: Ball 1-0: Fly out, F5 (Popup, 5, EV 84.4 MPH)
|
Bottom of the 8th over - 0 runs, 2 hits, 0 errors, 3 left on base; Paris 1 - New Jersey 4 |
TOP OF THE 9TH |
Paris Cubs batting - Pitching for New Jersey Devils : LHP Chris Fox
|
Pitching: RHP Humberto Ramirez
|
|
Batting: LHB Jeremy Rideout
|
0-0: Ground out U3 (Groundball, 3L, EV 91.9 MPH)
|
Batting: LHB David Mendez
|
0-0: Ball 1-0: Called Strike 1-1: Swinging Strike 1-2: Fly out, F7 (Flyball, 78D, EV 97.5 MPH)
|
Pinch Hitting: LHB Tyler Schuettler
|
0-0: Called Strike 0-1: Fly out, F8 (Flyball, 78M, EV 86.2 MPH)
|
Top of the 9th over - 0 runs, 0 hits, 0 errors, 0 left on base; Paris 1 - New Jersey 4 |
|